 Dungeon Crawl Stone Soup version 0.29.1-15-g9cfb28693d (webtiles) character file.

Game seed: 8321502129225302760

357 monsoonserge the Covered (level 6, 0/49 HPs)
             Began as a Formicid Abyssal Knight on May 1, 2023.
             Was a Priest of Lugonu.
             Succumbed to a kobold's poison
             ... on level 4 of the Dungeon.
             The game lasted 00:13:13 (4620 turns).

monsoonserge the Covered (Formicid Abyssal Knight)  Turns: 4620, Time: 00:13:14

Health: 0/49       AC: 12    Str: 19    XL:     6   Next: 96%
Magic:  3/8        EV:  8    Int: 10    God:    Lugonu [***...]
Gold:   185        SH:  0    Dex: 14    Spells: 5/5 levels left

rFire   . . .      SeeInvis +   a - +1 hand axe
rCold   . . .      Faith    .   (no shield)
rNeg    . . .      Spirit   +   h - +0 chain mail
rPois   .          Reflect  .   (helmet unavailable)
rElec   .          Harm     .   (no cloak)
rCorr   .          Rampage  .   p - +0 pair of gloves
Will    .....                   r - +0 pair of boots
Stlth   ..........              n - amulet of guardian spirit
HPRegen 0.16/turn               (no ring)
MPRegen 0.11/turn               (no ring)

@: lethally poisoned (0 -> -12)
A: permanent stasis, dig shafts and tunnels, antennae 3, four strong arms
a: Dig, Shaft Self, Renounce Religion, Depart the Abyss, Bend Space, Banish


You were on level 4 of the Dungeon.
You worshipped Lugonu.
Lugonu was most pleased with you.
You visited 1 branch of the dungeon, and saw 4 of its levels.
You visited the Abyss 1 time.

You collected 185 gold pieces.

Inventory:

Hand Weapons
 a - a +1 hand axe (weapon)
Missiles
 o - 43 stones (quivered)
Armour
 h - a +0 chain mail (worn)
 p - a +0 pair of gloves (worn)
 r - a +0 pair of boots (worn)
Jewellery
 n - an amulet of guardian spirit (around neck)
 v - a +4 ring of protection
Scrolls
 c - 3 scrolls of identify {unknown}
 e - 2 scrolls of magic mapping {unknown}
 f - 2 scrolls of vulnerability {unknown}
 g - 2 scrolls of immolation {unknown}
 i - a scroll of summoning {unknown}
 l - a scroll of enchant weapon {unknown}
 q - 2 scrolls of fear {unknown}
 u - a scroll of torment {unknown}
Potions
 b - a potion of invisibility {unknown}
 d - a potion of curing {unknown}
 j - 2 potions of flight {unknown}
 k - a potion of heal wounds
 m - 2 potions of might {unknown}
 s - a potion of ambrosia {unknown}
 t - a potion of haste {unknown}
 w - a potion of lignification {unknown}


   Skills:
 + Level 4.7 Fighting
 + Level 3.7 Axes
 * Level 5.0 Armour
 + Level 1.1 Dodging
 + Level 0.2 Stealth
 * Level 3.3 Invocations


You had 5 spell levels left.
You didn't know any spells.
Your spell library contained the following spells:

 Spells                   Type           Power      Damage    Failure   Level
 Magic Dart               Conj           0%         1d3       98%         1
 Call Imp                 Summ           0%         N/A       99%         2
 Mephitic Cloud           Conj/Pois/Air  0%         N/A       100%        3


Dungeon Overview and Level Annotations

Branches:
Dungeon (4/15)
 Temple: D:4-7

Altars:
Cheibriados
Gozag
Trog

Shops:
D:3 [


Innate Abilities, Weirdness & Mutations

You cannot be hasted, slowed, berserked, paralysed or teleported.
You can dig through walls and to a lower floor.
You have a pair of large antennae on your head. (SInv)
Your four strong arms can wield two-handed weapons with a shield.


Message History

Items here: ))))) [ †††.
You hit the scorpion.
You punch the scorpion, but do no damage.
The scorpion is moderately wounded.
The scorpion stings you.
You are poisoned.
The scorpion poisons you!
The scorpion stings you but does no damage.
You closely miss the scorpion.
The scorpion is moderately wounded.
You feel very sick. The scorpion barely misses you.
You hit the scorpion but do no damage.
The scorpion is moderately wounded.
You feel sick.
The scorpion stings you but does no damage.
Okay, then.
Okay, then.
Okay, then.
The scorpion attacks as you move away! The scorpion stings you.
You are more poisoned.
The scorpion poisons you!
You feel very sick.
The scorpion stings you but does no damage.
Space bends violently around you!
You blink.
You feel very sick.
You feel sick.
You feel sick.
A kobold comes into view.
It is wielding a +0 whip and quivering poisoned darts.
You feel sick.
The kobold shouts!
The kobold throws a poisoned dart.
The poisoned dart hits you!
You are lethally poisoned!
* * * LOW HITPOINT WARNING * * *
You feel very sick.
Okay, then.
Okay, then.
Space bends violently around you!
You blink.
A ball python comes into view.
You die...

# . .# .. S# ##. #.#
#... ..# #....
####.####
#.....#####..@....#
#...g.).g...........
#...#####h........##
#. #...........
#.........##
.######s†.......#
...K...§..........
..###.#...#.######
#.#..##.#


You could see a black bear, a scorpion, a goblin and a ball python (asleep).

Vanquished Creatures
  3 orc priests
  A hound (D:4)
  Natasha (twice) (D:1)
  Terence (D:2)
  4 gnolls (D:2)
  6 adders
  2 dart slugs
  7 orcs
  An endoplasm (D:2)
  2 giant cockroaches
  4 goblins
  9 hobgoblins
  9 kobolds
  5 quokkas
  4 ball pythons
  2 bats
  3 frilled lizards
  4 rats
69 creatures vanquished.

Vanquished Creatures (others)
  8 plants (D:2)
8 creatures vanquished.

Grand Total: 77 creatures vanquished

Notes
Turn   | Place    | Note
-------+----------+-------------------------------------------
     0 | Abyss:1  | monsoonserge the Formicid Abyssal Knight began the quest
                  | for the Orb.
     0 | Abyss:1  | Reached XP level 1. HP: 18/18 MP: 2/2
     3 | D:1      | Escaped the Abyss
   394 | D:1      | Reached XP level 2. HP: 22/24 MP: 3/3
   892 | D:2      | Reached XP level 3. HP: 29/30 MP: 4/4
  1146 | D:2      | Noticed Natasha
  1194 | D:1      | Killed Natasha
  1195 | D:1      | Reached skill level 1 in Dodging
  1195 | D:1      | Reached XP level 4. HP: 2/38 MP: 3/5
  1248 | D:1      | Noticed Natasha
  1497 | D:1      | Killed Natasha
  1498 | D:1      | Reached skill level 3 in Armour
  2098 | D:2      | Reached XP level 5. HP: 41/43 MP: 6/6
  2154 | D:2      | Noticed Terence
  2171 | D:2      | Killed Terence
  2428 | D:2      | Reached *** piety under Lugonu
  3455 | D:3      | Found an opulent altar of Gozag.
  3468 | D:3      | Reached skill level 4 in Armour
  3494 | D:3      | Reached XP level 6. HP: 48/49 MP: 6/8
  3510 | D:3      | Found Oroame's Antique Armour Boutique.
  3854 | D:3      | Found a snail-covered altar of Cheibriados.
  3878 | D:3      | Found a bloodstained altar of Trog.
  4177 | D:3      | Identified the +1 robe "Bedwaz" {*Slow Str+6 Int+3
                  | Archmagi}
  4606 | D:4      | Noticed a black bear
  4607 | D:4      | Reached skill level 5 in Armour
  4620 | D:4      | Succumbed to a kobold's poison

Illustrated notes

Levels and vault maps discovered:
D:1:      amcnicky_arrival_underground_garden, layout_loops_corners
D:2:      layout_basic, lexackson_kobold_supper, uniq_natasha, uniq_terence
D:3:      layout_basic, mainiacjoe_overflow_swirl, lemuel_round_altar,
          serial_shops, nicolae_shop_trees, minmay_quadrilaterals
D:4:      layout_loops_cross, gammafunk_temple_of_torment,
          nicolae_qazlal_general_emergency, led_sif_book, uniq_edmund

Skill      XL: |  1  2  3  4  5  6 |
---------------+-------------------+-----
Fighting       | 4 |  4.7
Dodging        | 1 |  1.1
Armour         | 3 4 5 |  5.0
Axes           | 3 |  3.7
Invocations    | 3 |  3.3
Stealth        | |  0.2

Action                   |  1- 3 |  4- 6 || total
-------------------------+-------+-------++-------
Melee: Hand axe          |    60 |   206 ||   266
       Punch             |     1 |     1 ||     2
Throw: Stone             |       |    10 ||    10
Invok: Bend Space        |     2 |     4 ||     6
  Use: Potion            |       |     1 ||     1
Armor: Leather armour    |     2 |       ||     2
       Chain mail        |    26 |   120 ||   146
Dodge: Dodged            |    29 |    84 ||   113
